 Dungeon Crawl Stone Soup version 0.22-a0-603-gfc1114d (webtiles) character file.

1516 Hebeh the Chopper (level 8, -5/71 HPs)
             Began as a Minotaur Fighter on July 8, 2018.
             Slain by a scorpion (7 damage)
             ... on level 6 of the Dungeon.
             The game lasted 00:15:38 (4907 turns).

Hebeh the Chopper (Minotaur Fighter)                Turns: 4907, Time: 00:15:40

Health: -5/71      AC: 10    Str: 23    XL:     8   Next: 54%
Magic:  8/8        EV:  8    Int:  5    God:
Gold:   173        SH: 10    Dex: 10    Spells: 7/7 levels left

rFire    . . .     SeeInvis .   g - +2 whip (freeze)
rCold    + . .     Gourm    .   c - +0 shield
rNeg     . . .     Faith    .   p - +2 ring mail {rC+}
rPois    .         Spirit   .   (helmet restricted)
rElec    .         Reflect  .   v - +1 cloak
rCorr    .         Harm     .   (no gloves)
MR       .....                  (no boots)
Stlth    ..........             (no amulet)
HPRegen  0.21/turn              (no ring)
MPRegen  0.11/turn              (no ring)

@: lethally poisoned (-5 -> -10), very slightly contaminated
A: retaliatory headbutt, horns 2
a: no special abilities


You were on level 6 of the Dungeon.
You were not hungry.

You visited 1 branch of the dungeon, and saw 6 of its levels.

You collected 173 gold pieces.

Inventory:

Hand Weapons
 a - a +0 war axe
 g - a +2 whip of freezing (weapon)
Missiles
 i - 49 sling bullets
 j - 143 stones (quivered)
Armour
 b - a +0 scale mail
 c - a +0 shield (worn)
 p - a +2 ring mail of cold resistance (worn)
 v - a +1 cloak (worn)
Wands
 y - a wand of flame (25)
Scrolls
 h - a scroll of enchant armour {unknown}
 k - a scroll of immolation {unknown}
 l - 3 scrolls of remove curse
 m - 2 scrolls of teleportation {unknown}
 o - 2 scrolls of identify
 s - a scroll of noise {unknown}
 u - a scroll of enchant weapon {unknown}
 z - a scroll of fog {unknown}
 A - a scroll of magic mapping {unknown}
 B - a scroll of amnesia {unknown}
 C - a scroll of blinking
Potions
 d - 3 potions of might
 e - 2 potions of heal wounds {unknown}
 n - 7 potions of curing
 q - 2 potions of haste {unknown}
 r - a potion of agility {unknown}
 t - a potion of flight {unknown}
 w - a potion of berserk rage {unknown}
 x - a potion of lignification {unknown}
 D - a potion of degeneration {unknown}
Comestibles
 f - 7 rations
 E - 3 chunks of flesh


   Skills:
 + Level 6.5 Fighting
 - Level 7.5(7.8) Axes
 * Level 2.9(5.6) Maces & Flails
 + Level 6.6 Armour
 + Level 6.6 Shields
 + Level 2.3 Evocations


You had 7 spell levels left.
You didn't know any spells.
Your spell library contained the following spells:

 Spells                   Type           Power        Failure   Level  Hunger
 Spider Form              Tmut/Pois      #.........   100%        3    ####...
 Blade Hands              Tmut           #.........   100%        5    ######.
 Ice Form                 Ice/Tmut       #.......     100%        4    #####..
 Sticks to Snakes         Tmut           #.......     98%         2    ###....
 Beastly Appendage        Tmut           #.....       94%         1    ##.....


Dungeon Overview and Level Annotations

Branches:
Dungeon (6/15)
 Temple: D:4-7

Altars:
Ashenzari
Elyvilon
Xom

Shops:
D:4 [(%(


Innate Abilities, Weirdness & Mutations

You reflexively headbutt those who attack you in melee.
You have a pair of horns on your head.


Message History

You block the bullfrog's attack. The orc hits you but does no damage.
The orc throws a tomahawk.
You block the tomahawk.
The bullfrog hits you but does no damage.
You barely miss the bullfrog.
The bullfrog is almost dead.
You block the bullfrog's attack. You block the orc's attack.
You block the scorpion's attack.
You whack the bullfrog! You freeze the bullfrog.
You kill the bullfrog!
The orc barely misses you. The orc hits you with a falchion.
* * * LOW HITPOINT WARNING * * *
The scorpion stings you.
* * * LOW HITPOINT WARNING * * *
You are lethally poisoned!
The scorpion poisons you!
* * * LOW HITPOINT WARNING * * *
You feel sick.
The hound stops to sniff the ground.
The scorpion stings you!
You die...

##. ...##
.....#######
%..........#
.........!.#
#..>.<...#
##......##
##..†###
##s@## #.ho#
#...oo.....
#....oo....
#..###.....
#.# ##... #.
..# .. ##
#.#


You could see a scorpion, a hound and 5 orcs.

Vanquished Creatures
  Pikel (D:4)
  Duvessa (D:4)
  2 slaves (D:4)
  An ogre (D:4)
  Blork the orc (D:4)
  A bullfrog (D:6)
  Dowan (D:4)
  A crimson imp (D:5)
  4 orc wizards
  A hound (D:4)
  2 jellies
  A gnoll shaman (D:5)
  2 orc priests
  3 worker ants
  5 adders
  3 gnolls (D:5)
  An adder skeleton (D:5)
  5 worms
  A dart slug (D:5)
  2 leopard geckos
  13 orcs
  2 ball pythons
  8 giant cockroaches
  7 goblins
  6 hobgoblins
  5 jackals (D:4)
  2 quokkas
  3 bats
  8 frilled lizards
  3 kobolds
  2 quokka skeletons (D:4)
  5 rats
103 creatures vanquished.

Vanquished Creatures (others)
  Edmund (D:5)
  A bullfrog skeleton (D:5)
  An orc (D:5)
3 creatures vanquished.

Grand Total: 106 creatures vanquished

Notes
Turn   | Place    | Note
-------+----------+-------------------------------------------
     0 | D:1      | Hebeh the Minotaur Fighter began the quest for the Orb.
     0 | D:1      | Reached XP level 1. HP: 19/19 MP: 0/0
   216 | D:1      | Reached XP level 2. HP: 27/27 MP: 1/1
   448 | D:1      | Reached skill level 3 in Axes
  1124 | D:2      | Reached XP level 3. HP: 33/33 MP: 2/2
  1307 | D:2      | Reached XP level 4. HP: 10/40 MP: 3/3
  1767 | D:2      | Reached skill level 4 in Axes
  2807 | D:3      | Reached XP level 5. HP: 47/47 MP: 4/4
  3047 | D:3      | Found a shimmering altar of Xom.
  3165 | D:3      | Found a white marble altar of Elyvilon.
  3405 | D:4      | Noticed Blork the orc
  3415 | D:4      | Killed Blork the orc
  3415 | D:4      | Reached skill level 5 in Axes
  3424 | D:4      | Found Wageajo's Antique Weapon Shoppe.
  3463 | D:4      | Reached XP level 6. HP: 52/55 MP: 5/5
  3500 | D:4      | Found Nidduac's Food Shoppe.
  3522 | D:4      | Found Gufulent's Food Boutique.
  3564 | D:4      | Reached skill level 5 in Armour
  3564 | D:4      | Reached skill level 5 in Shields
  3661 | D:4      | Noticed Duvessa
  3666 | D:4      | Killed Duvessa
  3666 | D:4      | Reached skill level 5 in Fighting
  3683 | D:4      | Found Oclui's Armour Shop.
  3739 | D:4      | Reached skill level 6 in Axes
  3800 | D:4      | Noticed Dowan
  3811 | D:4      | Killed Dowan
  3811 | D:4      | Reached XP level 7. HP: 49/61 MP: 6/6
  3836 | D:4      | Found Aqaso's Weapon Shoppe.
  4213 | D:5      | Entered Level 5 of the Dungeon
  4213 | D:5      | Noticed Pikel
  4305 | D:4      | Killed Pikel
  4305 | D:4      | Reached skill level 7 in Axes
  4305 | D:4      | Reached skill level 1 in Evocations
  4305 | D:4      | Reached XP level 8. HP: 28/70 MP: 6/8
  4519 | D:5      | Noticed Edmund
  4542 | D:5      | Reached skill level 1 in Maces & Flails
  4547 | D:5      | Killed Edmund
  4870 | D:5      | Found a shattered altar of Ashenzari.
  4906 | D:6      | HP: 3/71 [scorpion (6)]
  4907 | D:6      | Slain by a scorpion

Vault maps used:
D:1:      matt_arrival_los_fun, st_stairs_8
D:2:      cheibrodos_pilgrimage, kennysheep_nub
D:3:      xom_teletrap_fun, lemuel_crystal_altar, first_ration, serial_glass,
          glass_columns_a, glass_columns_a
D:4:      serial_shops, shop, nicolae_shop_behind_doors, shop,
          nicolae_shop_crystal, shop, uniq_blork_the_orc, uniq_duvessa
D:5:      evilmike_ruin_ashenzari, nicolae_overflow_crystal_walls,
          kennysheep_vampire_church, uniq_pikel, uniq_edmund
D:6:      gammafunk_temple_overflow_pools, minmay_temple_entry_poolview,
          uniq_grinder, uniq_prince_ribbit1

Skill      XL: |  1  2  3  4  5  6  7  8 |
---------------+-------------------------+-----
Axes           | 3 4 5 6 7 |  7.5
Shields        | 4 5 6 |  6.6
Fighting       | 4 5 6 |  6.5
Armour         | 4 5 6 |  6.6
Evocations     | 1 2 |  2.3
Maces & Flails | 2 |  2.9

Action                   |  1- 3 |  4- 6 |  7- 9 || total
-------------------------+-------+-------+-------++-------
Melee: War axe           |    91 |    99 |    33 ||   223
       Headbutt          |    10 |    19 |    22 ||    51
       Whip              |       |       |    78 ||    78
  Use: Scroll            |       |     2 |     1 ||     3
  Eat: Chunk             |     1 |     5 |     2 ||     8
       Ration            |       |     1 |     1 ||     2
Armor: Scale mail        |    39 |    27 |       ||    66
       Ring mail         |       |     9 |    59 ||    68
Dodge: Dodged            |    20 |    33 |    45 ||    98
Block: Shield            |    44 |    43 |    84 ||   171

Table legend:
 A = Spawn XP
 B = Non-spawn XP
 C = Spawn XP percentage of total XP
 D = Spawn monster count
 E = Non-spawn monster count
 F = Spawn count percentage of total count
 G = Total turns spent on level
                    A         B        C        D         E        F      G
               +---------+---------+-------+---------+---------+-------+---------
         Total |       0 |    2167 |   0.0 |       0 |     102 |   0.0 |  4907
               +---------+---------+-------+---------+---------+-------+---------
           D:1 |       0 |      21 |   0.0 |       0 |      14 |   0.0 |   868
           D:2 |       0 |     107 |   0.0 |       0 |      23 |   0.0 |  1646
           D:3 |       0 |     117 |   0.0 |       0 |      20 |   0.0 |   891
           D:4 |       0 |    1360 |   0.0 |       0 |      24 |   0.0 |  1102
           D:5 |       0 |     436 |   0.0 |       0 |      19 |   0.0 |   389
           D:6 |       0 |     126 |   0.0 |       0 |       2 |   0.0 |    11
               +---------+---------+-------+---------+---------+-------+---------
